 Dungeon Crawl Stone Soup version 0.17.1-1-g73c8601 (console) character file.

752772 Kloppie the Axe Maniac (level 27, -2/273 HPs)
             Began as a Hill Orc Fighter on Dec 13, 2015.
             Was the Champion of the Shining One.
             Killed from afar by a Hell Sentinel (51 damage)
             ... with a blast of hellfire
             ... on level 7 of the Iron City of Dis on Dec 14, 2015.
             The game lasted 04:13:06 (70698 turns).

Kloppie the Axe Maniac (Hill Orc Fighter)          Turns: 70698, Time: 04:13:06

Health: -2/273     AC: 39    Str: 32    XL:     27
Magic:  35/40      EV: 20    Int: 21    God:    the Shining One [******]
Gold:   4466       SH:  0    Dex: 15    Spells: 0 memorised, 26 levels left

rFire  + + +     SeeInvis +     a - +1 battleaxe {elec, rN+ MR+ Int+4}
rCold  + + +     Clarity  .     y - +12 gold dragon armour
rNeg   + + +     SustAt   .     (shield currently unavailable)
rPois  +         Gourm    .     G - +0 mask of the Dragon {MR+ Slay+3 SInv}
rElec  +         Spirit   .     d - +2 cloak of Starlight {rElec rC+ EV+4 Stlth--}
rCorr  .         Warding  .     w - +2 pair of gloves {Str+3}
rMut   +         Stasis   .     B - +0 pair of boots
MR     +++++                    F - amulet of the Tempest {rMut Int+5}
Stlth  ..........               X - ring "Epeffemoma" {rF+ AC+2 Str-3 Int+4 Dex+5}
                                g - ring of the Cockroach {rF+ MR+ EV+1}

@: lethally poisoned (-2 -> -4), corroded equipment, glowing, almost entirely
resistant to hostile enchantments, extremely unstealthy
A: cold resistance 1, mutation resistance 1
a: Divine Shield, Cleansing Flame, Summon Divine Warrior, Brand Weapon With Holy
Wrath, Renounce Religion
}: 5/15 runes: serpentine, barnacled, slimy, silver, icy


You were on level 7 of the Iron City of Dis.
You worshipped the Shining One.
The Shining One was exalted by your worship.
You were not hungry.

You visited 13 branches of the dungeon, and saw 70 of its levels.
You visited the Abyss 1 time.
You visited 2 bazaars.
You also visited: Ice Cave and Wizlab.

You collected 9152 gold pieces.
You spent 4686 gold pieces at shops.

Inventory:

Hand Weapons
 a - the +1 battleaxe "Mijed" (weapon) {elec, rN+ MR+ Int+4}
   (You bought it in a shop on level 2 of the Depths)

   Occasionally, upon striking a foe, it will discharge some electrical energy
   and cause terrible harm.
   It affects your intelligence (+4).
   It protects you from negative energy.
   It affects your resistance to hostile enchantments.
 b - a +2 battleaxe of freezing
Missiles
 c - 9 javelins of returning
 Q - 31 javelins of penetration (quivered)
Armour
 d - the +2 cloak of Starlight (worn) {rElec rC+ EV+4 Stlth--}
   (You found it on level 1 of the Lair of Beasts)

   It affects your evasion (+4).
   It protects you from cold.
   It insulates you from electricity.
   It makes you much less stealthy.
 w - a +2 pair of gloves of strength (worn)
 y - a +12 gold dragon armour (worn)
 B - a +0 pair of boots (worn)
 G - the +0 mask of the Dragon (worn) {MR+ Slay+3 SInv}
   (You bought it in a shop in a bazaar)

   It affects your accuracy and damage with ranged weapons and melee attacks
   (+3).
   It affects your resistance to hostile enchantments.
   It lets you see invisible.
Jewellery
 f - an uncursed ring of sustain attributes
 g - the ring of the Cockroach (left hand) {rF+ MR+ EV+1}
   (You found it on level 2 of the Depths)

   [ring of evasion]

   It affects your evasion (+1).
   It protects you from fire.
   It affects your resistance to hostile enchantments.
 o - the ring "Jots" {+Fly rElec Str+4 Dex-2 SInv}
   (You took it off an orc knight on level 5 of the Vaults)

   [ring of see invisible]

   It affects your strength (+4).
   It affects your dexterity (-2).
   It insulates you from electricity.
   It lets you see invisible.
   It lets you fly.
 F - the amulet of the Tempest (around neck) {rMut Int+5}
   (You bought it in a shop on level 3 of the Orcish Mines)

   [amulet of resist mutation]

   It protects you from mutation.
   It affects your intelligence (+5).
 H - an uncursed amulet of regeneration
 P - the cursed macabre finger necklace {Ward rN+}
   (You took it off a deep elf sorcerer on level 5 of the Vaults)

   [amulet of warding]

   It may prevent the melee attacks of summoned creatures.
   It protects you from negative energy.
   It has a curse placed upon it.
 X - the ring "Epeffemoma" (right hand) {rF+ AC+2 Str-3 Int+4 Dex+5}
   (You found it on level 2 of the Elven Halls)

   [ring of protection]

   It affects your AC (+2).
   It affects your strength (-3).
   It affects your intelligence (+4).
   It affects your dexterity (+5).
   It protects you from fire.
 Z - an uncursed ring of teleportation
Wands
 n - a wand of digging (12)
 z - a wand of disintegration (7)
 C - a wand of teleportation (1)
 S - a wand of heal wounds (4)
Scrolls
 i - 5 scrolls of fog
 l - 5 scrolls of fear
 u - 12 scrolls of teleportation
 v - 5 scrolls of identify
 E - 7 scrolls of magic mapping
 L - 16 scrolls of remove curse
 O - 2 scrolls of holy word
 U - 4 scrolls of blinking
Potions
 h - 4 potions of cancellation
 m - 19 potions of curing
 q - 4 potions of resistance
 r - 5 potions of cure mutation
 t - 3 potions of berserk rage
 I - 5 potions of flight
 N - 4 potions of haste
 R - a potion of might
 T - 4 potions of lignification
Miscellaneous
 j - a lamp of fire
 p - a legendary deck of destruction
 s - a lamp of fire
 A - a phial of floods
 Y - 2 phantom mirrors
Comestibles
 e - 6 bread rations
 k - 16 chunks of flesh


   Skills:
 O Level 27 Fighting
 O Level 27 Axes
 + Level 11.6 Throwing
 O Level 27 Armour
 - Level 13.1 Dodging
   Level 3.2 Shields
 O Level 27 Invocations
 - Level 14.9 Evocations


You had 26 spell levels left.
You didn't know any spells.

Dungeon Overview and Level Annotations

Branches:
Dungeon (15/15)            Temple (1/1) D:6            Lair (8/8) D:10
 Shoals (4/4) Lair:5        Snake (4/4) Lair:4        Slime (6/6) Lair:8
    Orc (4/4) D:9             Elf (3/3) Orc:3        Vaults (5/5) D:13
  Crypt (0/3) Vaults:2     Depths (5/5) D:15           Hell (1/1)
    Dis (7/7) Hell            Geh (0/7) Hell            Coc (7/7) Hell
    Tar (0/7) Hell            Zot (0/5) Depths:5

Altars:
Ashenzari
Cheibriados
Dithmenos
Elyvilon
Fedhas
Gozag
Kikubaaqudgha
Makhleb
Nemelex Xobeh
Okawaru
Qazlal
Ru
Sif Muna
Trog
Vehumet
Xom
Yredelemnul
Zin
The Shining One
Beogh
Jiyva

Shops:
D:9 (   D:15 [   Orc:2 }   Orc:3 ([!=   Orc:4 ?*%*   Elf:1 :   Elf:2 [
Vaults:2 *(   Vaults:5 (   Depths:1 (*}=   Depths:2 %*}

Portals:
Hell: Depths:1 Depths:2 Depths:3 Depths:4 Depths:5
Abyss: Depths:2 Depths:3 Depths:4
Pandemonium: Depths:1 Depths:3
Ziggurat: Depths:3

Annotations:
Lair:4 exclusion: 3 oklob plants


Innate Abilities, Weirdness & Mutations

Your flesh is cold resistant.
You are somewhat resistant to further mutation.


Message History

The reaper hits you from afar with a scythe of venom.
* * * LOW HITPOINT WARNING * * *
The Hell Sentinel hits you!
* * * LOW HITPOINT WARNING * * *
The Hell Sentinel hits you but does no damage.
You hit the Hell Sentinel but do no damage.
The Hell Sentinel is moderately wounded.
The Hell Sentinel hits you but does no damage.
The Hell Sentinel hits you!
* * * LOW HITPOINT WARNING * * *
An iron imp comes into view.
Evoke which item? (* to show all) (? for menu, Esc to quit)
Zapping:
S - a wand of heal wounds (5)
Press: ? - help, Shift-Dir - straight line, f - you You feel much better.
This wand has 4 charges left.
You feel sick.
The reaper shouts, "I have come for you, Kloppie!"
The reaper barely misses you. The Hell Sentinel gestures at you.
The hellfire explodes!
The blast of hellfire engulfs you!
You die...

#.......))..###,,,,,,,,
#.....))..### *,8,8,8,8
#......####****,,,,,,,,
#....).##,,,,,+,,,,,,,,
#......)#,,,,,+,,,,,,,,
#......##,,,,,+,,,,,,,,
#....).##,,,8,******+++
#.##....#,,,,,*,,,,,,,,
#.*##†@##,,,,,*,8,8,,,,
#.,#...1#,,,8,*,,,,,,,,
#..'...D25.T..#,,,,,,,,
#..'....'.....#,,,,,,,,
#..#....#.....#,,,,,,,,
#.###''##.....#,8,8,,,,
#.**....*.....#,,,,,,,,
#,,....#*,....#*****+++
*,.....**,....',,,,,,,,


You could see a Hell Sentinel, an iron dragon, a reaper and an iron imp.

Vanquished Creatures
  Antaeus (Coc:7)
  the royal jelly (Slime:6)
  2 ancient liches
  3 juggernauts (Depths:4)
  Sojobo (Vaults:4)
  The ghost of bezhaha the Conqueror, a legendary GrCK of Xom (Coc:7)
  Boris (twice) (Depths:3 Depths:5)
  Margery (Depths:2)
  Norris (Snake:2)
  Saint Roka (Depths:1)
  10 caustic shrikes
  19 shard shrikes
  The ghost of Kloppie the Bringer of Life, a veteran HOFi of Elyvilon (Vaults:5)
  Geryon (Hell)
  9 golden dragons
  Nikola (Snake:3)
  Jory (Depths:3)
  The ghost of karlm the Shatterer, a veteran GrFi of Okawaru (Vaults:3)
  Xtahua (Depths:3)
  4 bone dragons
  Jorgrun (Vaults:1)
  A hellephant (Hell)
  13 Ice Fiends
  6 tentacled monstrosities
  2 Brimstone Fiends
  9 titans
  4 Hell Sentinels (Dis:7)
  2 quicksilver dragons
  Asterion (Snake:2)
  5 liches
  2 deep elf blademasters (Elf:3)
  A tentacled starspawn (Abyss:1)
  14 acid blobs
  A deep elf master archer (Elf:3)
  3 ancient champions (WizLab)
  Gastronok (Lair:1)
  9 tengu reavers
  Agnes (Snake:3)
  An octopode crusher (Depths:5)
  7 shadow dragons
  Kirke (Snake:3)
  10 sphinxes
  2 storm dragons
  16 greater nagas
  13 fire giants
  6 azure jellies
  14 vault wardens
  An orc warlord (Orc:3)
  12 iron dragons
  14 deep elf sorcerers
  11 frost giants
  Aizul (Snake:1)
  Louise (Snake:1)
  2 cacodemons
  2 draconian scorchers (Depths:5)
  2 balrugs (Hell)
  18 reapers
  A draconian annihilator (Depths:5)
  6 very ugly things
  2 caustic shrike skeletons (Depths:4)
  27 stone giants
  8 ironheart preservers
  4 spriggan defenders
  2 vampire knights (Depths:2)
  11 war gargoyles
  4 elemental wellsprings (Coc:7)
  2 lorocyprocas
  15 deep elf annihilators
  Nessos (Lair:6)
  2 black draconians (Depths:5)
  4 yellow draconians (Depths:5)
  16 deep elf demonologists
  2 salamander firebrands (Hell)
  2 salamander stormcallers
  6 dire elephants (Lair:8)
  2 green deaths
  6 merfolk javelineers
  9 ettins
  5 deep elf death magi
  12 blizzard demons
  A jiangshi (Vaults:2)
  A quicksilver dragon zombie (Dis:5)
  The ghost of Dickchan the Grappler, a journeyman TrMo of Qazlal (D:11)
  8 fire dragons
  Josephine (Lair:5)
  4 merfolk impalers (Shoals:4)
  48 vault guards
  5 kraken zombies
  14 yaktaur captains
  5 deep elf high priests
  Fannar (Lair:1)
  18 great orbs of eyes
  3 rakshasas (Depths:2)
  34 ice dragons
  18 naga warriors
  10 hydras
  17 ogre magi
  10 anacondas
  5 spriggan air magi
  A quicksilver dragon skeleton (Coc:7)
  8 deep troll shamans
  5 merfolk aquamancers
  A satyr (Shoals:3)
  A merfolk avatar (Shoals:4)
  13 dancing weapons (Elf:2)
  7 entropy weavers
  7 deep troll earth magi
  A large abomination (Elf:3)
  14 centaur warriors
  The ghost of Runn the Blocker, a journeyman GrFi of Okawaru (Lair:1)
  A queen ant (Lair:5)
  5 orc high priests
  8 tengu warriors
  25 death yaks
  3 spriggan berserkers
  18 naga sharpshooters
  2 vampire magi
  3 spriggans
  A hell hog (Hell)
  26 deep elf knights
  Sonja (D:13)
  4 iron golems
  6 soul eaters
  2 salamander mystics (Snake:3)
  66 skeletal warriors
  2 storm dragon zombies
  3 titan skeletons (Coc:7)
  4 shock serpents
  4 sun demons
  2 shadow wraiths
  3 golden dragon zombies
  2 storm dragon skeletons (Coc:7)
  A death drake (shapeshifter) (Depths:2)
  7 hell knights
  2 fire crabs
  24 deep trolls
  9 iron trolls
  6 anaconda zombies
  2 giant orange brains
  2 unseen horrors
  31 ice devils
  9 flayed ghosts
  5 sea snakes
  A shadow demon (Depths:3)
  6 deep elf summoners
  2 tengu zombies
  A deep troll (shapeshifter) (Vaults:5)
  8 naga ritualists
  14 ironbrand convokers
  4 anaconda skeletons
  4 phantasmal warriors
  6 shadow dragon zombies
  2 golden dragon skeletons (Coc:7)
  20 deep elf conjurers
  A wolf spider zombie (D:15)
  An iron dragon zombie (Dis:1)
  4 wizards
  4 shadow dragon skeletons
  A hornet (shapeshifter) (Depths:1)
  8 mana vipers
  6 necromancers
  6 fire giant zombies
  2 stone giant zombies
  7 hill giants
  7 shining eyes
  16 salamanders
  3 hornets
  15 harpies
  2 wolf spiders
  6 orc sorcerers
  A moth of wrath (shapeshifter) (Depths:4)
  9 cyclopes
  25 ugly things
  5 frost giant zombies
  15 orc knights
  9 fire giant skeletons
  6 sixfirhies
  10 manticores
  4 fauns (Shoals:3)
  5 water nymphs
  6 frost giant skeletons
  5 stone giant skeletons
  49 black mambas
  21 elephants
  12 griffons
  19 vault sentinels
  A worldbinder (Abyss:1)
  20 rust devils
  A shock serpent zombie (Dis:7)
  2 octopodes (shapeshifter)
  3 ice statues
  2 black mambas (shapeshifter)
  7 sirens
  2 eyes of devastation
  22 naga magi
  5 spectral swamp worms (Depths:3)
  A torpor snail (shapeshifter) (Vaults:5)
  2 smoke demons (Hell)
  2 dire elephant zombies
  3 centaur skeletons
  7 guardian serpents
  7 hellions
  3 gargoyles
  9 komodo dragons
  17 tormentors
  12 spiny frogs
  3 orange demons
  40 yaktaurs
  3 emperor scorpion zombies (Coc:7)
  A catoblepas zombie (Dis:5)
  11 deep elf priests
  A demonic crawler (Abyss:1)
  An efreet (D:14)
  2 human zombies
  14 hydra zombies
  5 red devils
  2 catoblepas skeletons
  A golden dragon simulacrum (IceCv)
  5 tengu conjurers
  3 human skeletons (Vaults:4)
  A minotaur zombie (Coc:4)
  A queen bee (Orc:1)
  A polar bear (shapeshifter) (Vaults:3)
  34 blue devils
  4 anaconda simulacra
  A fire drake (Lair:8)
  37 freezing wraiths
  A wind drake (shapeshifter) (Vaults:5)
  A ghost moth simulacrum (Coc:5)
  8 trolls
  A troll (shapeshifter) (Depths:4)
  A jumping spider (Vaults:4)
  17 merfolk
  2 polar bears (Lair:7)
  The ghost of Musteatbrain the Skirmisher, an amateur DsFi (D:3)
  A stone giant simulacrum (Coc:6)
  4 hydra skeletons
  5 fire dragon zombies
  126 slime creatures
  8 bog bodies (Coc:7)
  3 alligator zombies
  6 boulder beetles
  2 snapping turtles
  3 ice dragon zombies
  29 two-headed ogres
  35 flying skulls
  8 blink frogs
  3 ettin zombies
  A trapdoor spider (D:14)
  An ettin skeleton (Coc:6)
  3 fire elementals (Hell)
  15 redbacks
  3 fire dragon skeletons
  3 ice dragon skeletons
  An iron dragon simulacrum (Depths:4)
  An alligator skeleton (Coc:7)
  A death yak simulacrum (IceCv)
  16 wraiths
  4 wyverns
  2 tarantellas (shapeshifter)
  A black mamba zombie (Hell)
  4 tarantellas
  9 vampires
  19 water elementals
  6 hill giant zombies (WizLab)
  5 hogs (Snake:3)
  2 yaks (shapeshifter)
  32 deep elf fighters
  21 deep elf magi
  A wyvern (shapeshifter) (Vaults:5)
  40 yaks
  4 dire elephant simulacra (IceCv)
  A golden eye (shapeshifter) (D:14)
  A human (D:13)
  The ghost of Musteatbrain the Skirmisher, an amateur DsFi (D:4)
  4 basilisks
  2 chaos spawn
  2 steam dragons
  15 hippogriffs
  5 harpy simulacra (IceCv)
  A mottled dragon (Vaults:2)
  An elf skeleton (Depths:4)
  28 vampire mosquitoes
  13 wolves
  5 shadows
  Menkaure (D:5)
  6 hungry ghosts
  70 nagas
  Edmund (D:4)
  8 wargs
  8 spiny frog zombies
  A hydra simulacrum (IceCv)
  34 orc warriors
  9 soldier ants
  3 swamp drakes (Lair:7)
  5 swamp worms (Lair:7)
  3 iron troll simulacra (IceCv)
  27 hell hounds
  14 ice beasts
  39 water moccasins
  An ettin simulacrum (Coc:6)
  4 phantoms
  3 spiny frog skeletons
  3 black bears
  A sky beast (shapeshifter) (Vaults:5)
  A black bear (shapeshifter) (Elf:2)
  14 porcupines
  2 manticore zombies (Coc:5)
  2 swamp dragon zombies (Coc:7)
  2 snapping turtle zombies
  4 eyes of draining
  58 ogres
  8 sky beasts
  9 boggarts
  3 wasps
  A manticore skeleton (Dis:1)
  4 necrophages
  21 centaurs
  3 snapping turtle skeletons
  8 crocodiles
  Blork the orc (D:4)
  2 brain worms
  A big kobold (D:10)
  A spiny frog simulacrum (Coc:7)
  A gnoll sergeant (D:8)
  A deep troll simulacrum (Vaults:2)
  21 giant frogs
  A wyvern skeleton (D:9)
  6 scorpions
  6 troll zombies
  53 wights
  34 killer bees
  A vampire bat (Lair:4)
  4 crimson imps
  2 starcursed masses (Abyss:1)
  19 orc priests
  3 centaur zombies
  A wasp zombie (D:11)
  A giant frog zombie (D:8)
  10 hounds
  2 gnoll shamans
  24 jellies
  36 orc wizards
  2 giant frog skeletons (D:10)
  26 iron imps
  A hell rat (Dis:5)
  36 worker ants
  Natasha (thrice) (D:4)
  11 iguanas
  33 sheep
  3 wolf simulacra (IceCv)
  2 centaur simulacra (IceCv)
  2 troll simulacra (IceCv)
  13 ogre zombies
  7 mummies
  19 gnolls
  A gnoll (shapeshifter) (Vaults:5)
  A naga simulacrum (IceCv)
  An ogre simulacrum (IceCv)
  23 adders
  70 river rats
  5 shadow imps
  31 white imps
  9 ufetubi
  3 oozes
  An adder skeleton (D:6)
  4 worms
  174 orcs
  2 ball pythons
  8 giant cockroaches
  9 hobgoblins
  7 jackals (D:5)
  7 quokkas
  19 bats
  5 giant geckos
  A giant gecko skeleton (D:5)
  4 giant newts
  9 goblins
  A goblin skeleton (D:9)
  2 goblin zombies (D:9)
  5 hobgoblin zombies (D:9)
  16 kobolds
  2 orc skeletons (D:9)
  16 orc zombies
  A quokka skeleton (D:5)
  8 rats
  A bush (Lair:3)
  7 crawling corpses
  12 fungi
  17 plants
  2 starspawn tentacles (Abyss:1)
  9 tentacles
3432 creatures vanquished.

Vanquished Creatures (collateral kills)
  An ancient lich (Vaults:5)
  The ghost of niltaff the Severer, a journeyman HOFi of Okawaru (Hell)
  A frost giant (Shoals:4)
  A cacodemon (Hell)
  A merfolk javelineer (Shoals:4)
  A merfolk impaler (Shoals:4)
  A merfolk avatar (Shoals:4)
  A shadow wraith (Hell)
  A sun demon (Hell)
  2 soul eaters (Hell)
  A skeletal warrior (Hell)
  A deep troll (Vaults:5)
  An ice devil (Hell)
  A siren (Shoals:4)
  A dire elephant zombie (Hell)
  An ice statue (Hell)
  A vault sentinel (Vaults:5)
  A yaktaur (Vaults:5)
  A hydra zombie (Hell)
  A red devil (Hell)
  A merfolk (Shoals:4)
  A slime creature (Slime:6)
  A redback (Vaults:5)
  A golden eye (shapeshifter) (Vaults:5)
  A spiny frog zombie (Hell)
  A tentacle (Hell)
27 creatures vanquished.

Vanquished Creatures (others)
  A fire giant (Depths:2)
  A reaper (Coc:7)
  2 blizzard demons
  A rakshasa (Depths:2)
  An ice dragon (Depths:3)
  An anaconda (Snake:4)
  A spriggan berserker (Depths:3)
  A skeletal warrior (Coc:5)
  A manticore (Shoals:4)
  A blue devil (Depths:3)
  A tengu conjurer (Depths:3)
  A vampire mosquito (Vaults:2)
  An orc warrior (Vaults:3)
  9 fungi
  17 plants
  27 starspawn tentacle segments (Abyss:1)
  28 tentacles
  639 tentacle segments
734 creatures vanquished.

Grand Total: 4193 creatures vanquished

Notes
Turn   | Place    | Note
--------------------------------------------------------------
     0 | D:1      | Kloppie the Hill Orc Fighter began the quest for the Orb.
     0 | D:1      | Reached XP level 1. HP: 19/19 MP: 1/1
   405 | D:1      | Reached skill level 4 in Fighting
   405 | D:1      | Reached XP level 2. HP: 17/27 MP: 2/2
   845 | D:2      | Reached XP level 3. HP: 32/34 MP: 3/3
  1122 | D:2      | Reached XP level 4. HP: 32/41 MP: 4/4
  1130 | D:2      | Reached skill level 5 in Fighting
  1589 | D:3      | Reached skill level 5 in Axes
  1589 | D:3      | Reached XP level 5. HP: 34/48 MP: 5/5
  1934 | D:3      | Noticed Musteatbrain's ghost (amateur DsFi)
  2262 | D:3      | Found a roughly hewn altar of Beogh.
  2276 | D:3      | Reached skill level 6 in Fighting
  2276 | D:3      | Reached XP level 6. HP: 7/57 MP: 6/6
  3080 | D:4      | Found a bloodstained altar of Trog.
  3162 | D:4      | Noticed Edmund
  3218 | D:4      | Killed Edmund
  3218 | D:4      | Reached skill level 7 in Fighting
  3218 | D:4      | Reached XP level 7. HP: 55/66 MP: 7/7
  3332 | D:4      | Noticed Musteatbrain's ghost (amateur DsFi)
  3335 | D:4      | Noticed Blork the orc
  3336 | D:4      | Noticed Natasha
  3342 | D:5      | Entered Level 5 of the Dungeon
  3374 | D:5      | Found an opulent altar of Gozag.
  3376 | D:5      | Found an iron altar of Okawaru.
  3663 | D:5      | Noticed Menkaure
  3668 | D:5      | Killed Menkaure
  3668 | D:5      | Reached skill level 8 in Fighting
  4340 | D:6      | Got a smoking chain mail
  4373 | D:5      | Identified the +8 chain mail of Okawaru's Outrage {Str+2 Int+3 SInv} (You found it on level 6 of the Dungeon)
  4469 | D:6      | Reached XP level 8. HP: 65/74 MP: 8/8
  4486 | D:6      | Reached skill level 9 in Axes
  4707 | D:6      | Reached skill level 5 in Armour
  4792 | D:6      | Reached skill level 10 in Axes
  5029 | D:6      | Found a staircase to the Ecumenical Temple.
  5038 | Temple   | Entered the Ecumenical Temple
  5104 | Temple   | Became a worshipper of the Shining One
  5248 | D:6      | Reached XP level 9. HP: 65/81 MP: 9/9
  5844 | D:7      | Reached skill level 11 in Axes
  5971 | D:7      | Found a shimmering altar of Xom.
  5971 | D:7      | Found an ancient bone altar of Kikubaaqudgha.
  6004 | D:7      | Found a deep blue altar of Sif Muna.
  6469 | D:8      | Reached * piety under the Shining One
  6807 | D:8      | Reached skill level 12 in Axes
  6942 | D:8      | You fall through a shaft!
  6991 | D:9      | Noticed a centaur skeleton
  6995 | D:9      | Reached XP level 10. HP: 86/88 MP: 10/10
  7006 | D:9      | Killed a centaur skeleton
  7053 | D:9      | Found Omiam's Weapon Shop.
  7105 | D:9      | Reached skill level 13 in Axes
  7319 | D:9      | Found a bloodstained altar of Trog.
  7339 | D:9      | Reached ** piety under the Shining One
  7368 | D:9      | Reached skill level 10 in Armour
  7377 | D:9      | Found a staircase to the Orcish Mines.
  7377 | D:9      | Reached *** piety under the Shining One
  7559 | D:9      | Reached **** piety under the Shining One
  7588 | D:9      | Reached skill level 1 in Invocations
  7673 | D:10     | Entered Level 10 of the Dungeon
  7760 | D:10     | Found a glowing golden altar of the Shining One.
  7783 | D:10     | You fall through a shaft for 3 floors!
  7789 | D:13     | Reached skill level 14 in Axes
  7798 | D:13     | Noticed a vault guard
  7826 | D:13     | Noticed a centaur warrior
  7833 | D:13     | Killed a centaur warrior
  7872 | D:13     | Reached XP level 11. HP: 94/94 MP: 14/14
  7900 | D:13     | Reached skill level 5 in Invocations
  8036 | D:13     | Reached skill level 15 in Axes
  8148 | D:11     | Reached ***** piety under the Shining One
  8152 | D:11     | Noticed a hill giant
  8157 | D:11     | Killed a hill giant
  8259 | D:10     | Found a staircase to the Lair.
  8656 | D:11     | Noticed a hill giant
  8665 | D:11     | Killed a hill giant
  8687 | D:11     | Noticed Dickchan's ghost (journeyman TrMo)
  8856 | Lair:1   | Entered Level 1 of the Lair of Beasts
  8905 | Lair:1   | Reached skill level 16 in Axes
  8940 | Lair:1   | Noticed Runn's ghost (journeyman GrFi)
  8980 | Lair:1   | Killed Runn's ghost
  8980 | Lair:1   | Reached skill level 10 in Invocations
  8984 | Lair:1   | Noticed Gastronok
  9007 | Lair:1   | Killed Gastronok
  9007 | Lair:1   | Reached XP level 12. HP: 41/104 MP: 16/19
  9322 | Lair:1   | Noticed Fannar
  9339 | Lair:1   | Killed Fannar
  9723 | Lair:1   | Reached skill level 17 in Axes
  9818 | Lair:2   | Reached skill level 10 in Fighting
  9859 | Lair:2   | Noticed a four-headed hydra
  9865 | Lair:2   | Killed a four-headed hydra
  9882 | Lair:2   | Noticed a five-headed hydra
  9996 | Orc:1    | Entered Level 1 of the Orcish Mines
 10016 | Orc:1    | Found Nara's Jewellery Shoppe.
 10783 | Orc:2    | Found Rastiest's Gadget Boutique.
 10850 | Orc:3    | Found Touwat's Antique Weapon Emporium.
 11478 | D:8      | Reached skill level 1 in Throwing
 12127 | D:4      | Killed Natasha
 12139 | D:4      | Killed Musteatbrain's ghost
 12144 | D:4      | Killed Blork the orc
 12287 | D:3      | Killed Musteatbrain's ghost
 12683 | D:4      | Noticed Natasha
 12686 | D:4      | Killed Natasha
 13182 | D:4      | Noticed Natasha
 13185 | D:4      | Killed Natasha
 13370 | D:11     | Killed Dickchan's ghost
 13370 | D:11     | Reached XP level 13. HP: 70/116 MP: 20/20
 13463 | D:11     | Noticed a hill giant
 13475 | D:11     | Killed a hill giant
 13592 | D:11     | Reached skill level 5 in Throwing
 13742 | D:11     | Reached skill level 18 in Axes
 13774 | D:11     | Noticed a five-headed hydra
 13782 | D:11     | Killed a five-headed hydra
 14226 | Lair:2   | Killed a five-headed hydra
 14710 | Lair:3   | Reached skill level 19 in Axes
 15023 | Lair:3   | Reached skill level 20 in Axes
 15683 | Lair:3   | Reached XP level 14. HP: 127/127 MP: 21/21
 15800 | Lair:4   | Found an iron altar of Okawaru.
 16252 | Lair:4   | Found a staircase to the Snake Pit.
 16614 | Lair:5   | Found a staircase to the Shoals.
 16706 | Lair:5   | Noticed Josephine
 16718 | Lair:5   | Killed Josephine
 17133 | Lair:5   | Reached skill level 15 in Fighting
 17820 | Lair:6   | Noticed Nessos
 17858 | Lair:6   | Killed Nessos
 18893 | Lair:7   | Reached XP level 15. HP: 141/141 MP: 25/25
 19356 | Lair:7   | Reached skill level 15 in Invocations
 19945 | Lair:7   | Identified the Handbook of Arcane Weapons and the Birds (You found it on level 7 of the Lair of Beasts)
 20363 | Orc:4    | Entered Level 4 of the Orcish Mines
 20661 | Orc:4    | Found Foyd's General Store.
 20710 | Orc:4    | Reached ****** piety under the Shining One
 20990 | Orc:4    | Found Noescho's Magic Scroll Shoppe.
 20991 | Orc:4    | Found Teel's Assorted Antiques.
 20996 | Orc:4    | Found Yfus's Food Boutique.
 21028 | Orc:4    | Bought a scroll of blinking for 90 gold pieces
 21030 | Orc:4    | Bought a viscous brown potion for 21 gold pieces
 21032 | Orc:4    | Bought a scroll of teleportation for 72 gold pieces
 21032 | Orc:4    | Bought a potion of heal wounds for 120 gold pieces
 21034 | Orc:4    | Bought a scroll of identify for 24 gold pieces
 21034 | Orc:4    | Bought a scroll of enchant weapon for 90 gold pieces
 21034 | Orc:4    | Bought a scroll of identify for 24 gold pieces
 21330 | D:13     | Noticed a white ugly thing
 21337 | D:13     | Killed a white ugly thing
 21403 | D:13     | Noticed Sonja
 21433 | D:13     | Killed Sonja
 21648 | D:13     | Noticed an orc knight
 21653 | D:13     | Noticed a vault guard
 21664 | D:13     | Noticed a wizard
 21665 | D:13     | Killed a vault guard
 21670 | D:13     | Killed a wizard
 21702 | D:13     | Killed a vault guard
 21713 | D:13     | Found a gate to the Vaults.
 21713 | D:13     | Noticed a vault guard
 21714 | D:13     | Noticed a vault guard
 21720 | D:13     | Killed a vault guard
 21724 | D:13     | Killed a vault guard
 21746 | D:13     | Killed an orc knight
 22609 | D:15     | Entered Level 15 of the Dungeon
 22788 | D:14     | Reached XP level 16. HP: 58/151 MP: 27/27
 23126 | D:15     | Found a staircase to the Depths.
 23607 | D:15     | Found Ischanon's Armour Shoppe.
 24329 | Lair:8   | Entered Level 8 of the Lair of Beasts
 24473 | Lair:8   | Found a viscous altar of Jiyva.
 24703 | Lair:8   | Found a staircase to the Slime Pits.
 24780 | Lair:8   | Got a jewelled battleaxe
 24791 | Lair:8   | Identified the +4 battleaxe of the Crawling Thing {chop, +Inv rElec MR+} (You found it on level 8 of the Lair of Beasts)
 25469 | Lair:8   | Got a flickering lapis lazuli ring
 25472 | Lair:8   | Identified the ring "Naroarch" {MR+ MP+9} (You found it on level 8 of the Lair of Beasts)
 25620 | Lair:4   | Reached skill level 15 in Armour
 25823 | Orc:3    | Found Iluggawk's Distillery.
 25841 | Orc:3    | Bought a potion of beneficial mutation for 525 gold pieces
 25841 | Orc:3    | Gained mutation: Your flesh is cold resistant. [potion of beneficial mutation]
 25946 | Orc:3    | Found a staircase to the Elven Halls.
 25951 | Orc:3    | Found Qerej's Jewellery Emporium.
 25955 | Orc:3    | Noticed an orc high priest
 25960 | Orc:3    | Noticed an orc warlord
 25975 | Orc:3    | Killed an orc warlord
 25980 | Orc:3    | Killed an orc high priest
 25988 | Orc:3    | Got a translucent chain mail
 25989 | Orc:3    | Identified the +8 chain mail "Veps" {rPois rF- rN+} (You found it on level 3 of the Orcish Mines)
 26018 | Orc:3    | Bought the amulet of the Tempest {rMut Int+5} for 805 gold pieces
 26087 | Orc:3    | Found Qaf Bei's Antique Armour Shoppe.
 26470 | Snake:1  | Entered Level 1 of the Snake Pit
 26685 | Snake:1  | Reached XP level 17. HP: 141/163 MP: 28/28
 26812 | Snake:1  | Noticed Aizul
 26829 | Snake:1  | Killed Aizul
 26874 | Snake:1  | Noticed Louise
 26895 | Snake:1  | Killed Louise
 27417 | Snake:2  | Noticed Norris
 27437 | Snake:2  | Killed Norris
 27467 | Snake:2  | Noticed Asterion
 27476 | Snake:2  | Killed Asterion
 29080 | Snake:3  | Noticed Agnes
 29098 | Snake:3  | Killed Agnes
 29202 | Snake:3  | Noticed Nikola
 29219 | Snake:3  | Killed Nikola
 29588 | Snake:3  | Noticed Kirke
 29598 | Snake:3  | Killed Kirke
 30082 | Snake:3  | Reached XP level 18. HP: 159/178 MP: 30/30
 30995 | Shoals:1 | Entered Level 1 of the Shoals
 31388 | Shoals:4 | Entered Level 4 of the Shoals
 32660 | Shoals:4 | Reached skill level 10 in Throwing
 32676 | Shoals:4 | Got a barnacled rune of Zot
 33223 | Snake:4  | Entered Level 4 of the Snake Pit
 33268 | Snake:4  | Reached skill level 1 in Evocations
 33519 | Snake:4  | Found a frozen archway.
 33542 | IceCv    | Entered an ice cave
 33571 | IceCv    | Got a scorched shortbow
 33572 | IceCv    | Identified the +7 shortbow "Denett" {flame, rElec Str+4} (You found it in an ice cave)
 33598 | IceCv    | Reached skill level 5 in Evocations
 33624 | IceCv    | Got an iridescent battleaxe
 33691 | IceCv    | Reached XP level 19. HP: 185/185 MP: 31/31
 34772 | Snake:4  | Reached skill level 10 in Evocations
 35540 | Snake:4  | Got a serpentine rune of Zot
 35875 | Lair:1   | Identified the +5 battleaxe of Zaery {speed, Int+2} (You found it in an ice cave)
 35991 | Vaults:1 | Entered Level 1 of the Vaults
 36062 | Vaults:1 | Noticed Jorgrun
 36079 | Vaults:1 | Killed Jorgrun
 36302 | Vaults:1 | Reached XP level 20. HP: 178/193 MP: 32/32
 37323 | Vaults:2 | Found Rixtuf's Assorted Antiques.
 37391 | Vaults:2 | Found a staircase to the Crypt.
 37462 | Vaults:2 | Found a flickering gateway to a bazaar.
 37477 | Bazaar   | Entered a bazaar
 37477 | Bazaar   | Found Oxoqul's Weapon Boutique.
 37477 | Bazaar   | Found Timoo's Armour Shop.
 37477 | Bazaar   | Found Faxzes's Armour Shop.
 37490 | Bazaar   | Bought a +1 gold dragon armour for 1305 gold pieces
 38153 | Vaults:2 | Found Wuffa's Antique Weapon Emporium.
 38437 | Vaults:3 | Noticed karlm's ghost (veteran GrFi)
 38734 | Vaults:3 | Killed karlm's ghost
 39084 | Vaults:3 | Reached XP level 21. HP: 116/201 MP: 34/34
 39858 | Vaults:4 | Noticed Sojobo
 39887 | Vaults:4 | Killed Sojobo
 40061 | Vaults:4 | Reached skill level 1 in Dodging
 40499 | Vaults:4 | Reached skill level 5 in Dodging
 41205 | Depths:1 | Entered Level 1 of the Depths
 41321 | Depths:1 | Found Sots's Assorted Antiques.
 41324 | Depths:1 | Bought a scroll of enchant weapon for 210 gold pieces
 41386 | Depths:1 | Found Kuseyrch's Jewellery Emporium.
 41404 | Depths:1 | Noticed Saint Roka
 41425 | Depths:1 | Killed Saint Roka
 41476 | Depths:1 | Bought a cursed amulet of inaccuracy for 26 gold pieces
 41539 | Depths:1 | Found a one-way gate leading to the halls of Pandemonium.
 41663 | Depths:1 | Found Nylaq's Gadget Shoppe.
 41684 | Depths:1 | Reached XP level 22. HP: 187/209 MP: 36/36
 41725 | Depths:1 | Found a gateway to Hell.
 41811 | Depths:1 | Found Plog's Antique Weapon Boutique.
 41983 | Depths:2 | Got a sparkling brass ring
 41986 | Depths:2 | Identified the ring of the Cockroach {rF+ MR+ EV+1} (You found it on level 2 of the Depths)
 42027 | Depths:2 | Found Izogh's Gadget Shop.
 42136 | Depths:2 | Noticed Margery
 42143 | Depths:2 | Reached skill level 10 in Dodging
 42147 | Depths:2 | Killed Margery
 42238 | Depths:2 | Got a heavily runed marble ring
 42239 | Depths:2 | Identified the ring of Utasaof {rF+ MP+9 Str+3 Dex-5 SInv} (You took it off a rakshasa on level 2 of the Depths)
 42338 | Depths:2 | Found Ewnukeqy's Assorted Antiques.
 42346 | Depths:2 | Bought a transparent battleaxe for 506 gold pieces
 42421 | Depths:2 | Identified the +1 battleaxe "Mijed" {elec, rN+ MR+ Int+4} (You bought it in a shop on level 2 of the Depths)
 42706 | Depths:2 | Found a one-way gate to the infinite horrors of the Abyss.
 42789 | Depths:2 | Got a steaming lead ring
 42791 | Depths:2 | Identified the ring "Utoxt" {Dex+4 Stlth-} (You found it on level 2 of the Depths)
 42949 | Depths:2 | Found Ucexomim's Food Shop.
 43150 | Depths:3 | Noticed Boris
 43182 | Depths:3 | Noticed Jory
 43183 | Depths:3 | Killed Boris
 43204 | Depths:3 | Killed Jory
 43204 | Depths:3 | Reached XP level 23. HP: 214/214 MP: 37/37
 43599 | Depths:3 | Noticed a caustic shrike
 43617 | Depths:3 | Killed a caustic shrike
 43635 | Depths:3 | Noticed a caustic shrike
 43640 | Depths:3 | Noticed a caustic shrike
 43647 | Depths:3 | Reached skill level 21 in Axes
 43656 | Depths:3 | Killed a caustic shrike
 43657 | Depths:3 | Was placed under penance by the Shining One
 44237 | Elf:1    | Entered Level 1 of the Elven Halls
 44335 | Elf:1    | Found Qugu's Book Shop.
 44506 | Elf:1    | Was forgiven by the Shining One
 44539 | Elf:1    | Identified Iskenderun's Disquisition on Attacks and Heat
 44916 | Elf:1    | Reached skill level 22 in Axes
 45143 | Elf:2    | Found a magical portal.
 45154 | WizLab   | Entered Zonguldrok's Shrine
 45493 | WizLab   | Noticed an antique lich
 45510 | WizLab   | Killed an antique lich
 45592 | WizLab   | Gained mutation: You are somewhat resistant to further mutation. [potion of beneficial mutation]
 45692 | Elf:2    | Found Kantef's Antique Armour Shoppe.
 45840 | Elf:2    | Reached skill level 23 in Axes
 45842 | Elf:2    | Found a huge runed gate.
 45842 | Elf:2    | Found a huge runed gate.
 45842 | Elf:2    | Found a huge runed gate.
 45842 | Elf:2    | Found a huge runed gate.
 45842 | Elf:2    | Found a huge runed gate.
 45920 | Elf:2    | Got a scintillating jade ring
 45922 | Elf:2    | Identified the ring "Epeffemoma" {rF+ AC+2 Str-3 Int+4 Dex+5} (You found it on level 2 of the Elven Halls)
 46483 | Elf:3    | Entered Level 3 of the Elven Halls
 46523 | Elf:3    | Found a flickering gateway to a bazaar.
 46543 | Bazaar   | Entered a bazaar
 46543 | Bazaar   | Found Yruufino's Antique Armour Shop.
 46543 | Bazaar   | Found Kuufonoj's Distillery.
 46567 | Bazaar   | Found Xeexzol's Antique Weapon Shop.
 46610 | Bazaar   | Bought the +0 mask of the Dragon {MR+ Slay+3 SInv} for 868 gold pieces
 47301 | Elf:3    | Reached skill level 24 in Axes
 47331 | Elf:3    | Reached XP level 24. HP: 224/224 MP: 37/37
 48331 | Elf:3    | Reached skill level 25 in Axes
 48429 | Elf:3    | Identified a scroll of acquirement
 48713 | Elf:3    | Identified the Incunabulum of the Mountains
 48737 | Elf:3    | Identified Yhuzxip's Lost Secrets of Wizardry
 49421 | Depths:3 | Cast into the Abyss (deep elf sorcerer)
 49555 | Depths:3 | Escaped the Abyss
 49624 | Depths:3 | Noticed Xtahua
 49639 | Depths:3 | Killed Xtahua
 49639 | Depths:3 | Reached skill level 26 in Axes
 49714 | Depths:3 | Found a gateway to a ziggurat.
 49805 | Depths:3 | Killed a caustic shrike
 50898 | Depths:4 | Reached skill level 27 in Axes
 50947 | Depths:4 | Found a sparkling altar of Nemelex Xobeh.
 51017 | Depths:4 | Noticed a juggernaut
 51037 | Depths:4 | Killed a juggernaut
 51037 | Depths:4 | Reached XP level 25. HP: 222/233 MP: 29/37
 51141 | Depths:4 | Noticed a juggernaut
 51147 | Depths:4 | Noticed a juggernaut
 51155 | Depths:4 | Killed a juggernaut
 51172 | Depths:4 | Killed a juggernaut
 52289 | Depths:5 | Entered Level 5 of the Depths
 52922 | Depths:5 | Noticed Boris
 52940 | Depths:5 | Killed Boris
 53202 | Depths:5 | Found a gate to the Realm of Zot.
 53226 | Depths:5 | Reached XP level 26. HP: 254/254 MP: 37/37
 54093 | Vaults:5 | Entered Level 5 of the Vaults
 54093 | Vaults:5 | Noticed Kloppie's ghost (veteran HOFi)
 55072 | Vaults:5 | Killed Kloppie's ghost
 55073 | Vaults:5 | Noticed an ancient lich
 55083 | Vaults:5 | Killed an ancient lich
 55536 | Vaults:5 | Noticed an ancient lich
 55551 | Vaults:5 | Killed an ancient lich
 55661 | Vaults:5 | Reached skill level 27 in Fighting
 55716 | Vaults:5 | Reached XP level 27. HP: 261/273 MP: 37/37
 55750 | Vaults:5 | Got a blackened war axe {chop}
 55751 | Vaults:5 | Identified the cursed +3 war axe "Wobraeb" {chop, rElec rF+ rN+ Str-3} (You took it off a yaktaur captain on level 5 of the Vaults)
 56028 | Vaults:5 | Got a silver rune of Zot
 56333 | Vaults:5 | Found Enwet's Antique Weapon Boutique.
 56908 | Vaults:5 | Got a bound glass ring
 56909 | Vaults:5 | Identified the cursed ring of Punoh {+Blink +Inv MR++ Int-5 Dex-6} (You took it off an orc on level 5 of the Vaults)
 57138 | Vaults:5 | Got a warped broad axe {freeze}
 57139 | Vaults:5 | Identified the +9 broad axe of Ru's Whim {freeze, -Tele rF+ rN+++ Stlth-} (You took it off a vault warden on level 5 of the Vaults)
 57300 | Vaults:5 | Identified Sif Muna's Incunabulum of the Sinister Glacier (You found it on level 5 of the Vaults)
 57444 | Vaults:5 | Identified the Papyrus of Shifting Toxins (You found it on level 5 of the Vaults)
 57472 | Vaults:5 | Got a bound bone ring
 57473 | Vaults:5 | Identified the ring "Jots" {+Fly rElec Str+4 Dex-2 SInv} (You took it off an orc knight on level 5 of the Vaults)
 58046 | Slime:1  | Entered Level 1 of the Pits of Slime
 59329 | Slime:6  | Entered Level 6 of the Pits of Slime
 59447 | Slime:6  | Found a viscous altar of Jiyva.
 59480 | Slime:6  | Noticed the royal jelly
 59496 | Slime:6  | Killed the royal jelly
 61492 | Slime:6  | Got a slimy rune of Zot
 62353 | Hell     | Entered the Vestibule of Hell
 62353 | Hell     | Noticed Geryon
 62416 | Hell     | Killed Geryon
 62448 | Hell     | Found a gateway to the Iron City of Dis.
 62542 | Hell     | Found a gateway to the decaying netherworld of Tartarus.
 62655 | Hell     | Found a gateway to the freezing wastes of Cocytus.
 62739 | Hell     | Noticed niltaff's ghost (journeyman HOFi)
 62746 | Hell     | Killed niltaff's ghost
 62777 | Hell     | Found a gateway to the ashen valley of Gehenna.
 62860 | Coc:1    | Entered Level 1 of Cocytus
 62959 | Coc:1    | Reached skill level 27 in Invocations
 64121 | Coc:7    | Entered Level 7 of Cocytus
 65855 | Coc:7    | Noticed bezhaha's ghost (legendary GrCK)
 65900 | Coc:7    | Killed bezhaha's ghost
 67357 | Coc:7    | Noticed Antaeus
 67384 | Coc:7    | Killed Antaeus
 67615 | Coc:7    | Got a bloodstained falchion {venom}
 67638 | Coc:7    | Got an icy rune of Zot
 67656 | Coc:7    | Identified Igock's Collected Works on the Earthen Glacier
 67659 | Coc:7    | Identified Eqifam's Almanac of the Voyage and Poison
 68042 | Hell     | Identified the cursed +2 falchion of Liek {venom, rElec SInv} (You took it off Antaeus on level 7 of Cocytus)
 68050 | Dis:1    | Entered Level 1 of the Iron City of Dis
 68756 | Dis:3    | Reached skill level 27 in Armour
 69115 | Dis:4    | You fall through a shaft!
 69800 | Dis:7    | Entered Level 7 of the Iron City of Dis
 70698 | Dis:7    | Killed from afar by a Hell Sentinel

Action                   |  1- 3 |  4- 6 |  7- 9 | 10-12 | 13-15 | 16-18 | 19-21 | 22-24 | 25-27 || total
-------------------------+-------+-------+-------+-------+-------+-------+-------+-------+-------++-------
Melee: War axe           |   120 |   157 |   354 |   126 |       |       |       |       |       ||   757
       Battleaxe         |       |       |       |   586 |  1091 |  1274 |  1396 |  1422 |  3288 ||  9057
Throw: Tomahawk          |       |       |       |       |   117 |    26 |       |       |       ||   143
       Javelin           |       |       |       |       |       |     6 |       |       |     7 ||    13
Invok: Divine Shield     |       |       |       |     4 |    11 |     8 |    11 |     6 |     9 ||    49
       Summon Divine War |       |       |       |       |       |     1 |     1 |       |     6 ||     8
       Cleansing Flame   |       |       |       |       |       |       |       |       |     6 ||     6
 Abil: Stop Flying       |       |       |       |       |       |       |       |       |    13 ||    13
       Evoke Flight      |       |       |       |       |       |       |       |       |    13 ||    13
Evoke: Wand              |       |       |       |    11 |     4 |     7 |     3 |     2 |    17 ||    44
       Phial of floods   |       |       |       |       |       |       |       |       |     1 ||     1
  Use: Potion            |       |     1 |       |     2 |     4 |     3 |     1 |     4 |    12 ||    27
       Scroll            |       |       |    14 |    10 |    12 |    15 |    16 |    12 |    13 ||    92
 Stab: Confused          |       |       |       |       |       |       |       |     1 |       ||     1
  Eat: Chunk             |     1 |     7 |    13 |    20 |    34 |    30 |    19 |    12 |    12 ||   148
       Bread ration      |       |       |       |     3 |     1 |     1 |       |     3 |    11 ||    19
       Beef jerky        |       |       |       |     1 |       |       |     1 |     2 |     4 ||     8
       Pizza             |       |       |       |       |     2 |       |     2 |     3 |       ||     7
       Meat ration       |       |       |       |       |       |     3 |     2 |     1 |       ||     6
       Fruit             |       |       |       |       |       |     4 |       |       |     6 ||    10
